 Dungeon Crawl Stone Soup version 0.29.1-12-g30fa7ad0bf (webtiles) character file.

Game seed: 751872877347985252

161 mopl the Slasher (level 5, -9/32 HPs)
             Began as a Tengu Warper on Jan 5, 2023.
             Killed by nerve-wracking pain
             ... invoked by an orc priest
              (13 damage)
             ... on level 4 of the Dungeon.
             The game lasted 00:02:45 (2074 turns).

mopl the Slasher (Tengu Warper)                     Turns: 2074, Time: 00:02:46

Health: -9/32      AC:  8    Str: 19    XL:     5   Next: 42%
Magic:  9/9        EV:  9    Int: 14    God:
Gold:   159        SH:  0    Dex: 19    Spells: 6/8 levels left

rFire   . . .      SeeInvis .   a - +0 falchion
rCold   . . .      Faith    .   (no shield)
rNeg    . . .      Spirit   .   o - +0 chain mail
rPois   .          Reflect  .   (helmet restricted)
rElec   .          Harm     .   (no cloak)
rCorr   .          Rampage  .   (no gloves)
Will    .....                   (boots unavailable)
Stlth   ..........              (no amulet)
HPRegen 0.10/turn               f - +6 ring of strength
MPRegen 0.11/turn               e - +6 ring of dexterity

@: flying quickly and evasively, quick
A: beak, talons 3, nimble flight
a: no special abilities


You were on level 4 of the Dungeon.
You visited 1 branch of the dungeon, and saw 4 of its levels.

You collected 159 gold pieces.

Inventory:

Hand Weapons
 a - a +0 falchion (weapon)
 b - a +0 sling of freezing
 v - a +1 dagger of draining
Missiles
 d - 7 boomerangs of dispersal
 i - 9 poisoned darts (quivered)
Armour
 o - a +0 chain mail (worn)
 u - a +0 leather armour
Jewellery
 e - a +6 ring of dexterity (right hand)
 f - a +6 ring of strength (left hand)
Scrolls
 c - 2 scrolls of blinking
 j - a scroll of fear {unknown}
 l - 3 scrolls of identify {unknown}
 p - a scroll of immolation {unknown}
 q - a scroll of enchant weapon {unknown}
 r - a scroll of summoning {unknown}
 s - a scroll of silence {unknown}
 w - 3 scrolls of teleportation {unknown}
Potions
 g - 2 potions of might {unknown}
 h - 2 potions of curing {unknown}
 k - a potion of berserk rage {unknown}
 m - a potion of heal wounds {unknown}
 n - a potion of cancellation {unknown}
 t - a potion of flight {unknown}
 x - a potion of attraction {unknown}


   Skills:
 + Level 3.1 Fighting
 * Level 4.5 Long Blades
 + Level 2.5 Throwing
 - Level 1.1 Armour
 - Level 2.1 Dodging
 - Level 2.0 Spellcasting
 - Level 2.4 Translocations


You had 6 spell levels left.
You knew the following spells:

 Your Spells              Type           Power      Damage    Failure   Level
e - Blink                 Tloc           16%        N/A       87%         2

Your spell library contained the following spells:

 Spells                   Type           Power      Damage    Failure   Level
 Gell's Gravitas          Tloc           8%         N/A       98%         3
 Lesser Beckoning         Tloc           8%         N/A       98%         3
 Teleport Other           Tloc           8%         N/A       98%         3
 Manifold Assault         Tloc           8%         N/A       100%        5


Dungeon Overview and Level Annotations

Branches:
Dungeon (4/15)
 Temple: D:4-7

Altars:

Shops:
D:3 [


Innate Abilities, Weirdness & Mutations

You have a beak for a mouth.
You have claws for feet.
Your magical nature lets you fly swiftly and evasively.


Message History

The orc barely misses you. The orc hits you but does no damage.
The orc priest barely misses you.
The orc priest curses loudly.
The orc priest closely misses you. The orc hits you with a +0 mace.
The orc hits you but does no damage. The orc barely misses you.
You hit the orc. You claw the orc.
You kill the orc!
You hit the orc. You claw the orc.
You kill the orc!
You barely miss the orc priest.
The orc priest is lightly wounded.
The orc priest closely misses you.
You hit the orc priest but do no damage.
The orc priest is lightly wounded.
The orc priest hits you but does no damage.
You barely miss the orc priest.
You claw the orc priest, but do no damage.
Your peck misses the orc priest.
The orc priest hits you but does no damage.
You hit the orc priest.
The orc priest is heavily wounded.
The orc priest calls down the wrath of Beogh upon you.
Beogh smites you!
The orc priest hits you with a +0 dagger.
* * * LOW HITPOINT WARNING * * *
You barely miss the orc priest. Your kick misses the orc priest.
The orc priest is heavily wounded.
The orc priest invokes the aid of Beogh against you.
Pain shoots through your body!
* * * LOW HITPOINT WARNING * * *
You barely miss the orc priest.
The orc priest is heavily wounded.
The orc priest barely misses you.
You hit the orc priest but do no damage.
Your kick misses the orc priest.
The orc priest is heavily wounded.
The orc priest calls down the wrath of Beogh upon you.
Pain shoots through your body!
You die...

## #. . #.# #. ### ##.##
#. ..# ##>..## #.. #.#
#.....# ##..#####.#
##...#
#....)....###[..########.
#....$###.##..#..........
#.#.#..o@...#...#.#######
# #####.##.###.##
#.#####.###.#.##
#.............#
.......)####.)# ######.##
#..# #. #.<# #.
#............ #.
#.##..####.#.


You could see an orc priest.

Vanquished Creatures
  A phantom (D:4)
  3 adders
  2 worms (D:2)
  A dart slug (D:1)
  6 orcs
  5 ball pythons
  7 endoplasms
  2 giant cockroaches
  2 goblins
  2 hobgoblins (D:1)
  4 kobolds
  2 quokkas
  2 bats (D:1)
  6 rats
45 creatures vanquished.

Notes
Turn   | Place    | Note
-------+----------+-------------------------------------------
     0 | D:1      | mopl the Tengu Warper began the quest for the Orb.
     0 | D:1      | Reached XP level 1. HP: 12/12 MP: 4/4
   202 | D:1      | Reached XP level 2. HP: 14/17 MP: 6/6
   205 | D:1      | Learned a level 2 spell: Blink
   542 | D:2      | Reached skill level 3 in Long Blades
   567 | D:2      | Reached XP level 3. HP: 11/22 MP: 7/7
  1294 | D:2      | Found a faded altar of an unknown god.
  1468 | D:3      | Reached skill level 2 in Throwing
  1468 | D:3      | Reached XP level 4. HP: 12/24 MP: 8/8
  1716 | D:3      | Found Exyshryi's Antique Armour Shoppe.
  2022 | D:4      | Noticed a phantom
  2034 | D:4      | Killed a phantom
  2035 | D:4      | Reached skill level 3 in Fighting
  2035 | D:4      | Reached skill level 4 in Long Blades
  2035 | D:4      | Gained mutation: Your magical nature lets you fly swiftly
                  | and evasively. [Tengu growth]
  2035 | D:4      | Reached XP level 5. HP: 27/32 MP: 9/9
  2074 | D:4      | Killed from afar by an orc priest

Illustrated notes

Levels and vault maps discovered:
D:1:      saegor_arrival_simple_c, layout_basic
D:2:      layout_loops_corners, hellmonk_ecumenical_altar_pennies_from_heaven
D:3:      layout_rooms, serial_shops, nicolae_shop_trees
D:4:      layout_loops_corners

Skill      XL: |  1  2  3  4 |
---------------+-------------+-----
Long Blades    | 3 4 |  4.5
Throwing       | 2 |  2.5
Fighting       | 3 |  3.1
Armour         | |  1.1
Dodging        | |  2.1
Spellcasting   | |  2.0
Translocations | |  2.4

Action                   |  1- 3 |  4- 6 || total
-------------------------+-------+-------++-------
Melee: Falchion          |    67 |    42 ||   109
       Kick              |    20 |    13 ||    33
       Peck              |     6 |     4 ||    10
       Punch             |     1 |       ||     1
Armor: Leather armour    |     5 |       ||     5
       Chain mail        |    17 |    21 ||    38
Dodge: Dodged            |    35 |    13 ||    48
